 Dungeon Crawl Stone Soup version 0.29-a0-541-gaf1fc19f1b (webtiles) character file.

Game seed: 5591432562194623698

15 swifteh the Skirmisher (level 2, 0/27 HPs)
             Began as a Meteoran Abyssal Knight on June 2, 2022.
             Was a Believer of Lugonu.
             Succumbed to a kobold's poison
             ... on level 2 of the Dungeon.
             The game lasted 00:02:49 (844 turns).

swifteh the Skirmisher (Meteoran Abyssal Knight)     Turns: 844, Time: 00:02:49

Health: 0/27       AC:  3    Str: 14    XL:     2   Next: 88%
Magic:  4/4        EV: 11    Int: 11    God:    Lugonu [**....]
Gold:   23         SH:  0    Dex: 14    Spells: 1/1 levels left

rFire   . . .      SeeInvis .   a - +1 falchion
rCold   . . .      Faith    .   (no shield)
rNeg    . . .      Spirit   .   b - +0 leather armour
rPois   .          Reflect  .   (no helmet)
rElec   .          Harm     .   (no cloak)
rCorr   .          Rampage  .   (no gloves)
Will    .....                   (no boots)
Stlth   +.........              (no amulet)
HPRegen 0.09/turn               (no ring)
MPRegen 0.09/turn               (no ring)

@: lethally poisoned (0 -> -17), glowing
A: sense surroundings 1, otherworldly, glowing, explore regen
a: Renounce Religion, Depart the Abyss, Bend Space


You were on level 2 of the Dungeon.
You worshipped Lugonu.
Lugonu was pleased with you.
You visited 1 branch of the dungeon, and saw 2 of its levels.
You visited the Abyss 1 time.

You collected 23 gold pieces.

Inventory:

Hand Weapons
 a - a +1 falchion (weapon)
Armour
 b - a +0 leather armour (worn)
Scrolls
 c - a scroll of summoning {unknown}
 d - 2 scrolls of teleportation {unknown}
 f - a scroll of fog {unknown}
 h - a scroll of identify {unknown}
Potions
 e - 2 potions of lignification {unknown}
 g - a potion of might {unknown}


   Skills:
 + Level 3.8 Fighting
 + Level 2.8 Long Blades
 + Level 2.6 Armour
 + Level 1.2 Dodging
 + Level 2.5 Invocations


You had one spell level left.
You didn't know any spells.
Your spell library contained the following spells:

 Spells                   Type           Power      Damage    Failure   Level
 Sting                    Tmut/Pois      0%         1d3       41%         1
 Poisonous Vapours        Pois/Air       0%         N/A       54%         2
 Olgreb's Toxic Radiance  Pois           0%         N/A       99%         4


Dungeon Overview and Level Annotations

Branches:
Dungeon (2/15)

Altars:


Innate Abilities, Weirdness & Mutations

You passively map a small area around you.
You are easily found by Zot.
You glow in the dark.
You regain HP and MP as you explore.


Message History

HP restored.
You open the door.
There is an open door here.
h - a scroll labelled BOORGH LULAIR An endoplasm comes into view.
The endoplasm freezes you.
You are frozen.
You hit the endoplasm.
The endoplasm is lightly wounded.
The endoplasm freezes you.
You are frozen.
You slash the endoplasm!
You kill the endoplasm!
Lugonu accepts your kill.
You open the door.
A kobold and a worm come into view.
The kobold is wielding a +2 dagger of venom.
The kobold shouts!
Found 6 gold pieces and a fizzy emerald potion.
There is an open door here.
Found a cabochon ring.
The kobold barely misses you.
You hit the worm.
The worm is moderately wounded.
The worm bites you! The kobold hits you but does no damage.
You are poisoned.
You hit the worm.
The worm is heavily wounded.
You feel very sick. The kobold barely misses you. The worm bites you!
You slash the worm!
The worm is severely wounded.
* * * LOW HITPOINT WARNING * * *
You feel sick.
The kobold hits you with a +2 dagger of venom.
* * * LOW HITPOINT WARNING * * *
You are more poisoned.
You hit the worm.
The worm is almost dead.
You die...

.# *, , .# * , , .# *+
* ######## .#######.#
=...!..# .#.......#
*#.$....# .#.#######
#......# ...# #......#
.##############......#
..............'.@K...#
###############.w....#
#...# #......# ##†..#
#.......# .'..<#
#####...# ##...# *...#
#...# ..# #...# ..#
##### ,


You could see a worm and a kobold.

Vanquished Creatures
  A dart slug (D:1)
  2 endoplasms
  A giant cockroach (D:1)
  A goblin (D:1)
  3 hobgoblins (D:1)
  A ball python (D:1)
  2 frilled lizards
  A kobold (D:1)
12 creatures vanquished.

Notes
Turn   | Place    | Note
-------+----------+-------------------------------------------
     0 | Abyss:1  | swifteh the Meteoran Abyssal Knight began the quest for the
                  | Orb.
     0 | Abyss:1  | Reached XP level 1. HP: 19/19 MP: 3/3
     0 | D:1      | Escaped the Abyss
   267 | D:1      | Reached XP level 2. HP: 26/26 MP: 4/4
   274 | D:1      | Reached ** piety under Lugonu
   496 | D:1      | Glimpsed the power of Zot.
   542 | D:1      | Glimpsed the power of Zot.
   844 | D:2      | Succumbed to a kobold's poison

Illustrated notes

Levels and vault maps discovered:
D:1:      dpeg_arrival_boxes_within_box, layout_basic,
          shapermc_ecumenical_altar_totnotflames, amcnicky_mini_pool_small,
          chequers_serial_rivers_micro_d, serial_park_tiny_1, minmay_distorted
D:2:      layout_basic

Action                   || total
-------------------------++-------
Melee: Falchion          ||    44
       Punch             ||     1
Invok: Depart the Abyss  ||     1
Armor: Leather armour    ||    11
Dodge: Dodged            ||    27

Table legend: (Time is in decaauts)
 A = Elapsed time spent in this place.
 B = Non-inter-level travel time spent in this place.
 C = Inter-level travel time spent in this place.
 D = Time resting spent in this place.
 E = Time spent auto-exploring this place.
 F = Levels seen in this place.
 G = Mean time per level.
                   A        B        C        D        E       F      G
               +--------+--------+--------+--------+--------+-----+--------+
         Total |    852 |    852 |      0 |    277 |    424 |   3 |  284.0 |
       Dungeon |    852 |    852 |      0 |    277 |    424 |   2 |  426.0 |
         Abyss |      0 |      0 |      0 |      0 |      0 |   1 |    0.0 |
               +--------+--------+--------+--------+--------+-----+--------+

Top non-repeatable levels by time:
     D:1: 569 daAuts
     D:2: 283 daAuts
